 Dungeon Crawl Stone Soup version 0.29.1-1-gd02db6906a (webtiles) character file.

Game seed: 9216426118336136835

1218 Earthwalker the Trooper (level 8, -1/70 HPs)
             Began as a Minotaur Fighter on Oct 12, 2022.
             Was an Initiate of Okawaru.
             Slain by a lemure (6 damage)
             ... led by Pikel
             ... on level 6 of the Dungeon.
             The game lasted 00:12:53 (6163 turns).

Earthwalker the Trooper (Minotaur Fighter)          Turns: 6163, Time: 00:12:54

Health: -1/70      AC: 10    Str: 24    XL:     8   Next: 22%
Magic:  7/7        EV: 10    Int:  5    God:    Okawaru [......]
Gold:   1632       SH:  6    Dex:  9    Spells: 7/7 levels left

rFire   + + +      SeeInvis .   a - +0 trident
rCold   x . .      Faith    .   c - +1 buckler
rNeg    . . .      Spirit   .   u - +0 fire dragon scales
rPois   .          Reflect  .   (helmet restricted)
rElec   .          Harm     .   (no cloak)
rCorr   .          Rampage  .   (no gloves)
Will    +....                   (no boots)
Stlth   ..........              (no amulet)
HPRegen 0.21/turn               h - ring of protection from fire
MPRegen 0.10/turn               y - ring of willpower

@: no status effects
A: horns 2, retaliatory headbutt
a: Renounce Religion


You were on level 6 of the Dungeon.
You worshipped Okawaru.
Okawaru was noncommittal.
You visited 2 branches of the dungeon, and saw 9 of its levels.

You collected 1632 gold pieces.

Inventory:

Hand Weapons
 a - a +0 trident (weapon)
Missiles
 f - 7 poisoned darts
 i - 5 javelins
 j - 2 silver javelins
 s - 5 boomerangs (quivered)
Armour
 b - a +0 scale mail
 c - a +1 buckler (worn)
 u - +0 fire dragon scales (worn)
Jewellery
 h - a ring of protection from fire (left hand)
 y - a ring of willpower (right hand)
Wands
 p - a wand of polymorph (9)
 v - a wand of iceblast (12)
Scrolls
 g - 3 scrolls of magic mapping
 k - a scroll of noise
 w - a scroll of fear {unknown}
 x - 2 scrolls of blinking {unknown}
 z - a scroll of butterflies {unknown}
Potions
 d - a potion of might
 e - a potion of flight
 l - 3 potions of heal wounds
 m - 2 potions of brilliance
 n - 3 potions of attraction
 o - 2 potions of curing
 q - a potion of haste
 r - 3 potions of degeneration {unknown}
 t - a potion of lignification {unknown}


   Skills:
 * Level 6.1 Fighting
 * Level 5.3 Polearms
 * Level 3.6 Throwing
 * Level 6.0 Armour
 * Level 4.1 Dodging
 * Level 6.0 Shields


You had 7 spell levels left.
You didn't know any spells.
Your spell library contained the following spells:

 Spells                   Type           Power      Damage    Failure   Level
 Apportation              Tloc           0%         N/A       88%         1
 Sting                    Tmut/Pois      0%         1d3       88%         1
 Ensorcelled Hibernation  Hex/Ice        0%         N/A       95%         2
 Passwall                 Tmut/Erth      0%         N/A       95%         2
 Poisonous Vapours        Pois/Air       0%         N/A       95%         2
 Gell's Gravitas          Tloc           0%         N/A       99%         3
 Lesser Beckoning         Tloc           0%         N/A       99%         3
 Swiftness                Air            0%         N/A       99%         3
 Teleport Other           Tloc           0%         N/A       99%         3
 Corpse Rot               Necr/Pois/Air  0%         N/A       100%        4
 Olgreb's Toxic Radiance  Pois           0%         N/A       100%        4
 Alistair's Intoxication  Tmut/Pois      0%         N/A       100%        5


Dungeon Overview and Level Annotations

Branches:
Dungeon (8/15)             Temple (1/1) D:6
   Lair: D:8-11

Altars:
Ashenzari
Cheibriados
Dithmenos
Elyvilon
Fedhas
Gozag
Hepliaklqana
Kikubaaqudgha
Makhleb
Nemelex Xobeh
Okawaru
Qazlal
Ru
Sif Muna
Trog
Uskayaw
Vehumet
Wu Jian
Xom
Yredelemnul
Zin

Annotations:
D:7 Joseph, Pikel


Innate Abilities, Weirdness & Mutations

You have a pair of horns on your head.
You reflexively headbutt those who attack you in melee.


Message History

You are too injured to fight recklessly!
You are too injured to fight recklessly!
You closely miss the lemure.
The lemure is almost dead.
The lemure barely misses you. You furiously retaliate!
You headbutt the lemure! The lemure hits you but does no damage.
You block the lemure's attack.
You hit the lemure.
You kill the lemure!
That felt strangely unrewarding.
The lemure barely misses you. You block the lemure's attack.
You barely miss the lemure. Your headbutt misses the lemure.
The lemure is severely wounded.
The lemure hits you! The lemure hits you but does no damage.
You puncture the lemure! Your headbutt misses the lemure.
The lemure is almost dead.
The lemure hits you. The lemure closely misses you.
You hit the lemure.
The lemure is almost dead.
The lemure hits you but does no damage. The lemure hits you!
* * * LOW HITPOINT WARNING * * *
You miss the lemure.
The lemure is almost dead.
The lemure hits you.
* * * LOW HITPOINT WARNING * * *
The lemure barely misses you. The lemure hits you.
* * * LOW HITPOINT WARNING * * *
You block the lemure's attack.
You hit the lemure but do no damage.
The lemure is almost dead.
The lemure barely misses you. The lemure hits you but does no damage.
You closely miss the lemure. Your headbutt misses the lemure.
The lemure is almost dead.
The lemure completely misses you. The lemure hits you but does no damage.
You closely miss the lemure.
The lemure is almost dead.
The lemure closely misses you. You furiously retaliate!
You headbutt the lemure!
You kill the lemure!
That felt strangely unrewarding.
The lemure hits you.
You die...

.....⌠......#...........####.##.)
...............#.8.8.....#.#..<..
........>.##..##.................
..#...........###................
.......<.........................
..#......###.....................
.#####...####....................
..# ##.......................##..
..# #..##.......@............##..
.####...#......5.............###.
...##..###.>.......#...........##
......## #...>....##..........###
......## #.#......####........###
.......###.#........#..........##
...(....##.##.......##.........##
........##.#.....#...............
.................#....##....(...#


You could see a lemure.

Vanquished Creatures
  A black bear (D:6)
  2 ogres
  A sky beast (D:6)
  2 lemures (D:6)
  A bullfrog (D:8)
  3 scorpions
  4 wights (D:6)
  A hound (D:5)
  An orc priest (D:5)
  3 jellies
  A gnoll bouda (D:5)
  An orc wizard (D:5)
  5 adders
  4 gnolls
  A shadow imp (D:6)
  2 white imps
  2 worms (D:3)
  A dart slug (D:5)
  18 orcs
  8 bats
  6 endoplasms
  3 giant cockroaches
  2 goblins
  A hobgoblin (D:2)
  2 jackals (D:2)
  3 quokkas
  5 ball pythons
  2 frilled lizards
  5 kobolds
  2 rats (D:3)
93 creatures vanquished.

Vanquished Creatures (others)
  An orc wizard (D:3)
1 creature vanquished.

Grand Total: 94 creatures vanquished

Notes
Turn   | Place    | Note
-------+----------+-------------------------------------------
     0 | D:1      | Earthwalker the Minotaur Fighter began the quest for the
                  | Orb.
     0 | D:1      | Reached XP level 1. HP: 19/19 MP: 0/0
   576 | D:1      | Reached XP level 2. HP: 19/27 MP: 1/1
  1094 | D:2      | Identified a scroll of acquirement
  1094 | D:2      | Acquired 1222 gold pieces
  1140 | D:2      | Reached XP level 3. HP: 19/33 MP: 2/2
  1552 | D:2      | Found a radiant altar of Vehumet.
  1571 | D:2      | Reached skill level 1 in Throwing
  1571 | D:2      | Reached skill level 1 in Dodging
  2104 | D:3      | Reached XP level 4. HP: 8/40 MP: 3/3
  2703 | D:3      | Reached XP level 5. HP: 47/47 MP: 4/4
  2910 | D:4      | Found a shimmering blue altar of Sif Muna.
  2931 | D:4      | You fall into a shaft and drop 1 floor!
  2931 | D:5      | Entered Level 5 of the Dungeon
  3022 | D:5      | Found a snail-covered altar of Cheibriados.
  3022 | D:5      | Found a basalt altar of Yredelemnul.
  3027 | D:5      | Noticed an ogre
  3034 | D:5      | Killed an ogre
  3112 | D:5      | Found a blossoming altar of Fedhas.
  3125 | D:5      | Found an opulent altar of Gozag.
  3128 | D:5      | Found a shimmering altar of Xom.
  3264 | D:5      | Reached XP level 6. HP: 37/55 MP: 5/5
  3558 | D:5      | Found a radiant altar of Vehumet.
  3666 | D:5      | Reached skill level 5 in Fighting
  3719 | D:5      | Reached skill level 5 in Shields
  3933 | D:5      | Reached skill level 5 in Armour
  4225 | D:6      | Reached XP level 7. HP: 45/60 MP: 6/6
  4428 | D:6      | You fall into a shaft and drop 2 floors!
  4470 | D:7      | Noticed Joseph
  4499 | D:6      | Reached skill level 5 in Polearms
  4783 | D:6      | Found a stormy altar of Qazlal.
  4791 | D:6      | Found a hide-covered altar of Uskayaw.
  4825 | D:6      | Reached XP level 8. HP: 51/70 MP: 7/7
  5341 | D:6      | Found a staircase to the Ecumenical Temple.
  5355 | Temple   | Entered the Ecumenical Temple
  5402 | Temple   | Became a worshipper of Warmaster Okawaru
  6146 | D:7      | Noticed Pikel
  6163 | D:6      | Slain by a lemure

Illustrated notes

Levels and vault maps discovered:
D:1:      amcnicky_arrival_flooded_fountain, layout_loops_corners,
          serial_co_window_serial, co_window_corner_a, co_window_paths_b,
          co_window_of_opportunity_a, co_window_paths_a, co_window_corner_a,
          co_window_of_opportunity_a, co_window_broadway_c,
          co_window_unsneaky_path_d, co_window_corner_ca,
          co_window_unsneaky_path_a, glass_columns_b, glass_columns_a,
          glass_columns_b, glass_columns_a
D:2:      layout_loops_ring, basic_altar
D:3:      layout_rooms, serial_glass, glass_columns_a, glass_columns_b,
          glass_columns_a, glass_columns_b, glass_columns_a, glass_columns_c
D:4:      layout_loops_ring, mainiacjoe_overflow_24_doors,
          gammafunk_ghost_gnarly_gnolls, uniq_ijyb
D:5:      layout_loops_ring, mainiacjoe_overflow_cross_hatched,
          chequers_temple_overflow_minitemple
D:6:      layout_cave_pools, mainiacjoe_overflow_big_doors,
          minmay_temple_entry_glass, serial_column_ruins,
          column_ruins_open_small, column_ruins_columns_dead_end,
          column_ruins_grid_1, column_ruins_open_medium, column_ruins_open_tiny,
          column_ruins_open_small, column_ruins_grid_1
D:7:      layout_rooms, uniq_pikel, uniq_joseph
D:8:      layout_gridville, tso_altar, due_lair_maze_entry_diamond,
          small_chamber_with_monster, grunt_ministairs_10
Temple:   hc_temple_tempest_star

Skill      XL: |  1  2  3  4  5  6  7  8 |
---------------+-------------------------+-----
Fighting       | 4 5 6 |  6.1
Shields        | 4 5 6 |  6.0
Throwing       | 1 2 3 |  3.6
Dodging        | 1 2 3 4 |  4.1
Polearms       | 3 4 5 |  5.3
Armour         | 4 5 6 |  6.0

Action                   |  1- 3 |  4- 6 |  7- 9 || total
-------------------------+-------+-------+-------++-------
Melee: Trident           |   101 |   139 |   117 ||   357
       Headbutt          |     9 |    12 |    22 ||    43
Throw: Boomerang         |       |       |     3 ||     3
  Use: Scroll            |    10 |     3 |       ||    13
Armor: Scale mail        |    53 |    10 |       ||    63
       Fire dragon scale |       |    45 |    41 ||    86
Dodge: Dodged            |    53 |    43 |    56 ||   152
Block: Buckler           |    21 |    39 |    45 ||   105
